 Dungeon Crawl Stone Soup version 0.27.0-1-g7a089689b8 (webtiles) character file.

Game seed: 471646337754483226

26825 Acheron the Grappler (level 13, -16/118 HPs)
             Began as a Troll Enchanter on Aug 13, 2021.
             Was an Elder of the Shining One.
             Demolished by a death yak (23 damage)
             ... on level 5 of the Lair of Beasts.
             The game lasted 01:24:18 (12387 turns).

Acheron the Grappler (Troll Enchanter)             Turns: 12387, Time: 01:24:19

Health: -16/118    AC:  8    Str: 19    XL:     13   Next: 1%
Magic:  5/15       EV: 14    Int: 13    God:    the Shining One [****..]
Gold:   803        SH: 13    Dex: 18    Spells: 8/17 levels left

rFire    + . .     SeeInvis .     - Unarmed
rCold    . . .     Faith    .   (no shield)
rNeg     + + +     Spirit   .   D - +1 robe {Will+}
rPois    .         Reflect  +   (helmet restricted)
rElec    .         Harm     .   n - +2 cloak
rCorr    +         Rampage  .   (gloves unavailable)
Will     +....                  (boots unavailable)
Stlth    +.........             B - amulet of Greater Demons {Reflect rF+ Int+2 Dex+4 SH+5}
HPRegen  1.29/turn              f - ring of positive energy
MPRegen  0.14/turn              E - ring of resist corrosion

@: divinely shielded, glowing
A: large, unfitting armour, claws 3, regeneration 1, shaggy fur 1, tough skin 1
a: Renounce Religion, Divine Shield, Cleansing Flame


You were on level 5 of the Lair of Beasts.
You worshipped the Shining One.
The Shining One was greatly pleased with you.
You visited 3 branches of the dungeon, and saw 18 of its levels.

You collected 803 gold pieces.

Inventory:

Hand Weapons
 e - a +4 long sword
 q - a +3 hand axe of flaming
 y - a +2 war axe
 z - the +7 rapier of Unpleasantness {vorpal, Int+3}
   (You found it on level 6 of the Lair of Beasts)

   It inflicts extra damage upon your enemies.
   Int:       It affects your intelligence (+3).
 F - a +4 halberd
 L - the +8 trident "Puurisir" {vorpal, rF- Will+++ rCorr Int+4}
   (You found it on level 6 of the Lair of Beasts)

   It inflicts extra damage upon your enemies.
   Int:       It affects your intelligence (+4).
   rF:        It makes you vulnerable to fire.
   rCorr:     It protects you from acid and corrosion.
   Will:      It greatly increases your willpower.
Missiles
 a - 7 poisoned darts
 d - 359 stones
 i - 34 boomerangs
 l - 8 javelins
 G - 7 curare-tipped darts
 H - 7 large rocks (quivered)
Armour
 n - a +2 cloak (worn)
 D - a +1 robe of willpower (worn)
Jewellery
 f - a ring of positive energy (left claw)
 v - a ring of willpower
 x - a ring of willpower
 B - the amulet of Greater Demons (around neck) {Reflect rF+ Int+2 Dex+4 SH+5}
   (You acquired it on level 8 of the Dungeon)

   [amulet of reflection]

   It reflects blocked missile attacks.
   Int:       It affects your intelligence (+2).
   Dex:       It affects your dexterity (+4).
   rF:        It protects you from fire.
   SH:        It affects your SH (+5).
 E - a ring of resist corrosion (right claw)
 M - a ring of see invisible
Wands
 m - a wand of iceblast (21)
 w - a wand of flame (40)
Scrolls
 k - 2 scrolls of enchant armour
 u - a scroll of magic mapping
 J - a scroll of fog
Potions
 b - a potion of brilliance {unknown}
 c - 2 potions of mutation
 g - 2 potions of cancellation
 h - 2 potions of resistance
 j - a potion of might {unknown}
 p - 3 potions of magic
 r - 3 potions of curing
 s - 3 potions of lignification
 A - a potion of flight
 I - a potion of invisibility {unknown}
 K - 2 potions of haste {unknown}


   Skills:
 * Level 5.1 Fighting
 - Level 1.3 Short Blades
 * Level 2.5 Axes
 * Level 5.0 Throwing
 * Level 7.2 Dodging
 * Level 4.3 Stealth
 * Level 3.6 Shields
 * Level 12.6 Unarmed Combat
 + Level 2.5 Spellcasting
 + Level 2.1 Hexes
 + Level 2.5 Ice Magic
 * Level 4.0 Earth Magic
 * Level 4.6 Invocations
 * Level 4.2 Evocations


You had 8 spell levels left.
You knew the following spells:

 Your Spells              Type           Power      Damage    Failure   Level
a - Corona                Hex            7%         N/A       10%         1
b - Ensorcelled Hibernat  Hex/Ice        14%        N/A       14%         2
c - Confusing Touch       Hex            7%         N/A       30%         3
d - Sandblast             Erth           24%        2d8       4%          1
e - Passwall              Tmut/Erth      5%         N/A       16%         2

Your spell library contained the following spells:

 Spells                   Type           Power      Damage    Failure   Level
 Tukima's Dance           Hex            7%         N/A       30%         3
 Stone Arrow              Conj/Erth      12%        3d7       32%         3
 Dazzling Flash           Conj/Hex       8%         N/A       43%         3
 Summon Guardian Golem    Hex/Summ       4%         N/A       43%         3
 Conjure Flame            Conj/Fire      1%         6-21      58%         3
 Gell's Gravitas          Tloc           0%         N/A       58%         3
 Ignite Poison            Fire/Tmut/Pois 1%         N/A       58%         3
 Lesser Beckoning         Tloc           0%         N/A       58%         3
 Spider Form              Tmut/Pois      0%         N/A       58%         3
 Swiftness                Air            1%         N/A       58%         3
 Teleport Other           Tloc           1%         N/A       58%         3
 Animate Armour           Summ/Erth      12%        N/A       71%         4
 Iskenderun's Mystic Bla  Conj/Tloc      1%         2d3       94%         4
 Sticky Flame             Conj/Fire      1%         2d3       94%         4
 Summon Mana Viper        Hex/Summ       4%         N/A       99%         5
 Summon Forest            Summ/Tloc      0%         N/A       100%        5
 Invisibility             Hex            3%         N/A       100%        6
 Iron Shot                Conj/Erth      3%         9d2       100%        6
 Shadow Creatures         Summ           N/A        N/A       100%        6
 Starburst                Conj/Fire      0%         8x6d3     100%        6
 Orb of Destruction       Conj           0%         N/A       100%        7
 Spellforged Servitor     Conj/Summ      0%         N/A       100%        7
 Lehudib's Crystal Spear  Conj/Erth      3%         10d2      100%        8


Dungeon Overview and Level Annotations

Branches:
Dungeon (12/15)            Temple (1/1) D:7            Lair (6/6) D:11
  Slime (0/5) Lair:6          Orc (0/2) D:9
  Swamp: Lair:2-4    Shoals: Lair:2-4     Snake: Lair:2-4    Spider: Lair:2-4

Altars:
Ashenzari
Cheibriados
Dithmenos
Elyvilon
Fedhas
Gozag
Hepliaklqana
Kikubaaqudgha
Makhleb
Nemelex Xobeh
Qazlal
Ru
Sif Muna
Uskayaw
Vehumet
Wu Jian
Xom
Yredelemnul
Zin
The Shining One

Shops:
D:7 [   D:8 *   D:12 [

Portals:
Trove: D:10 (show abyssal rune of Zot)

Annotations:
D:3 exclusion: downstairs
D:4 exclusion: downstairs
D:7 1 runed translucent door, Malachi's ghost, novice TrFi
D:11 exclusions: downstairs and 1 more exclusion
Lair:2 exclusion: downstairs


Innate Abilities, Weirdness & Mutations

You are too large for most types of armour.
You have claws for hands.
Your natural rate of healing is unusually fast.
You are covered in fur. (AC +1)
You have tough skin. (AC +1)


Message History

The manticore closely misses you. The death yak gores you!
* * * LOW HITPOINT WARNING * * *
Unknown command.
You scratch the manticore.
The manticore is moderately wounded.
You feel sick. The manticore bites you!
* * * LOW HITPOINT WARNING * * *
The manticore completely misses you.
The manticore claws you but does no damage.
You feel much better.
You feel sick.
The death yak gores you but does no damage.
The manticore bites you.
* * * LOW HITPOINT WARNING * * *
The manticore claws you but does no damage.
The manticore claws you.
* * * LOW HITPOINT WARNING * * *
You feel better. The death yak barely misses you. The manticore bites you.
* * * LOW HITPOINT WARNING * * *
The manticore barely misses you.
The manticore claws you but does no damage.
Okay, then.
Okay, then.
Okay, then.
Okay, then.
You scratch the manticore. You claw the manticore!
The manticore is severely wounded.
The death yak barely misses you. The manticore bites you!
* * * LOW HITPOINT WARNING * * *
You block the manticore's attack. x2
You mangle the manticore!!
You kill the manticore!
You carefully extract the barbed spikes from your body.
The death yak gores you!
* * * LOW HITPOINT WARNING * * *
Your Throwing skill increases to level 5!
You have reached level 13!
You mangle the death yak!!
The death yak is heavily wounded.
The death yak gores you!!
You die...

..P...... ...≈≈
.P....PP. ......
........##.....[
................
................
................
................
.......@Y.......
P.......>.......
#....^..........
................
................
................
#...............
#...............
...............


You could see a death yak.

Vanquished Creatures
  5 hydras
  2 boulder beetles
  A centaur warrior (D:9)
  3 two-headed ogres
  A catoblepas (Lair:6)
  2 cyclopes (D:11)
  2 manticores
  5 cane toads
  A gargoyle (D:11)
  A rime drake (D:11)
  An unseen horror (D:11)
  3 komodo dragons
  3 trolls
  Grinder (D:6)
  Prince Ribbit (D:6)
  11 blink frogs
  2 slime creatures (Lair:6)
  2 shadows
  A wyvern (D:9)
  A vampire (D:11)
  7 spriggans (D:11)
  35 yaks
  A vampire mosquito (D:11)
  2 acid dragons (D:9)
  A water moccasin (D:8)
  A hornet zombie (D:9)
  5 orc warriors
  A necrophage (D:9)
  2 ogres (D:6)
  5 centaurs
  2 phantoms
  3 bullfrogs
  A gnoll sergeant (D:11)
  14 wights
  An electric eel (D:7)
  A bullfrog zombie (D:6)
  8 centaur zombies
  A gnoll shaman (D:8)
  2 orc priests
  3 hounds
  4 jellies
  A centaur skeleton (D:6)
  3 iguanas
  4 orc wizards
  A mummy (D:9)
  2 howler monkey zombies
  3 gnolls (D:8)
  6 adders
  2 white imps
  2 adder skeletons (D:5)
  2 worms
  2 dart slugs (D:2)
  23 orcs
  4 endoplasms
  A giant cockroach (D:2)
  4 hobgoblins
  11 jackals
  8 kobolds
  6 quokkas
  3 ball pythons
  3 bats
  2 frilled lizards (D:2)
  2 goblins
  4 rats
248 creatures vanquished.

Vanquished Creatures (others)
  A bush (Lair:1)
  12 fungi
  24 plants
  4 withered plants
41 creatures vanquished.

Grand Total: 289 creatures vanquished

Notes
Turn   | Place    | Note
-------+----------+-------------------------------------------
     0 | D:1      | Acheron the Troll Enchanter began the quest for the Orb.
     0 | D:1      | Reached XP level 1. HP: 16/16 MP: 1/1
   398 | D:1      | Reached XP level 2. HP: 24/24 MP: 2/2
   410 | D:1      | Learned a level 2 spell: Ensorcelled Hibernation
   461 | D:1      | Reached skill level 1 in Short Blades
   959 | D:2      | Reached XP level 3. HP: 17/32 MP: 4/4
  1134 | D:2      | Reached skill level 1 in Unarmed Combat
  1308 | D:3      | Found a sacrificial altar of Ru.
  1329 | D:3      | Noticed a steam dragon
  2077 | D:4      | Reached XP level 4. HP: 40/40 MP: 5/5
  2107 | D:3      | Reached skill level 1 in Fighting
  2340 | D:3      | Learned a level 3 spell: Confusing Touch
  2602 | D:4      | Found a shadowy altar of Dithmenos.
  2660 | D:4      | Reached XP level 5. HP: 48/48 MP: 6/6
  2683 | D:4      | Noticed a centaur
  2694 | D:4      | Reached skill level 2 in Unarmed Combat
  2720 | D:4      | Killed a centaur
  2785 | D:5      | Entered Level 5 of the Dungeon
  2792 | D:4      | Reached skill level 3 in Unarmed Combat
  2792 | D:4      | Reached XP level 6. HP: 54/55 MP: 7/7
  3008 | D:4      | Found a radiant altar of Vehumet.
  3472 | D:5      | Reached XP level 7. HP: 27/58 MP: 8/8
  3539 | D:6      | Reached skill level 4 in Unarmed Combat
  3641 | D:6      | Noticed Grinder
  3652 | D:6      | Paralysed by Grinder for 3 turns
  3680 | D:6      | Killed Grinder
  3681 | D:6      | Reached skill level 1 in Ice Magic
  3681 | D:6      | Reached skill level 1 in Evocations
  3876 | D:7      | Found a staircase to the Ecumenical Temple.
  3885 | D:7      | Reached skill level 5 in Unarmed Combat
  3891 | Temple   | Entered the Ecumenical Temple
  3905 | Temple   | Reached XP level 8. HP: 29/72 MP: 10/10
  4189 | Temple   | Became a worshipper of the Shining One
  4329 | D:7      | Found Qepag's Armour Shoppe.
  4587 | D:7      | Reached skill level 1 in Throwing
  4587 | D:7      | Reached skill level 6 in Unarmed Combat
  5087 | D:6      | Noticed Prince Ribbit
  5095 | D:6      | Killed Prince Ribbit
  5351 | D:7      | Found a blossoming altar of Fedhas.
  5467 | D:7      | Found a runed translucent door.
  5467 | D:7      | Noticed Malachi's ghost (novice TrFi)
  5641 | D:8      | Noticed a two-headed ogre
  5647 | D:7      | Killed a two-headed ogre
  5648 | D:7      | Reached skill level 7 in Unarmed Combat
  5648 | D:7      | Reached XP level 9. HP: 8/80 MP: 11/11
  6021 | D:8      | Identified a scroll of acquirement
  6021 | D:8      | Acquired the amulet of Greater Demons {Reflect rF+ Int+2
                  | Dex+4 SH+5}
  6231 | D:5      | Reached * piety under the Shining One
  6702 | D:8      | Found Dyufrau's Demolitions Depot.
  7088 | D:8      | Reached skill level 8 in Unarmed Combat
  7088 | D:8      | Reached skill level 1 in Invocations
  7093 | D:8      | Reached skill level 5 in Dodging
  7141 | D:8      | Got the Catalogue of Stones and Intoxication
  7144 | D:8      | Learned a level 1 spell: Sandblast
  7186 | D:8      | Reached XP level 10. HP: 68/91 MP: 12/12
  7327 | D:9      | Found a staircase to the Orcish Mines.
  7391 | D:9      | Learned a level 2 spell: Passwall
  7442 | D:9      | Reached skill level 9 in Unarmed Combat
  7508 | D:9      | Reached ** piety under the Shining One
  7550 | D:9      | Reached skill level 1 in Earth Magic
  7642 | D:9      | Reached skill level 1 in Shields
  7809 | D:9      | Noticed a centaur warrior
  7826 | D:9      | Killed a centaur warrior
  7985 | D:9      | Reached skill level 10 in Unarmed Combat
  8236 | D:10     | Entered Level 10 of the Dungeon
  8436 | D:10     | Reached *** piety under the Shining One
  8515 | D:10     | Found a portal to a secret trove of treasure.
  8564 | D:10     | Noticed a two-headed ogre
  8570 | D:10     | Killed a two-headed ogre
  8571 | D:10     | Reached XP level 11. HP: 78/98 MP: 13/13
  9289 | D:11     | Noticed a boulder beetle
  9323 | D:12     | Noticed a boulder beetle
  9340 | D:12     | Killed a boulder beetle
  9467 | D:12     | Found Inolar's Antique Armour Shoppe.
  9479 | D:12     | Noticed a purple ugly thing
  9647 | D:11     | Reached skill level 11 in Unarmed Combat
  9675 | D:11     | Noticed a two-headed ogre
  9690 | D:11     | Killed a two-headed ogre
  9827 | D:11     | Identified the +3 scale mail of Kuraofas {Drain Int+4}
  9998 | D:11     | Noticed a five-headed hydra
  9998 | D:11     | Reached **** piety under the Shining One
 10047 | D:11     | Killed a one-headed hydra
 10266 | D:11     | Killed a boulder beetle
 10332 | D:11     | Reached XP level 12. HP: 94/109 MP: 14/14
 10405 | D:11     | Found a staircase to the Lair.
 10530 | Lair:1   | Entered Level 1 of the Lair of Beasts
 10533 | Lair:1   | Noticed a four-headed hydra
 10560 | Lair:1   | Killed a one-headed hydra
 10740 | Lair:1   | Noticed a six-headed hydra
 10756 | Lair:2   | Killed a one-headed hydra
 10757 | Lair:2   | Reached skill level 1 in Axes
 10984 | Lair:2   | Reached skill level 12 in Unarmed Combat
 11185 | Lair:3   | Noticed a catoblepas
 11186 | Lair:3   | You fall into a shaft and drop 3 floors!
 11186 | Lair:6   | Entered Level 6 of the Lair of Beasts
 11190 | Lair:6   | Identified the +7 rapier of Unpleasantness {vorpal, Int+3}
 11193 | Lair:6   | Noticed a five-headed hydra
 11403 | Lair:6   | Killed a one-headed hydra
 11404 | Lair:6   | Reached skill level 5 in Fighting
 11676 | Lair:6   | Found a staircase to the Slime Pits.
 11733 | Lair:6   | Noticed a six-headed hydra
 11746 | Lair:6   | Killed a one-headed hydra
 12044 | Lair:6   | Identified the +8 trident "Puurisir" {vorpal, rF- Will+++
                  | rCorr Int+4}
 12233 | Lair:6   | Noticed a catoblepas
 12245 | Lair:6   | Killed a catoblepas
 12338 | Lair:6   | Noticed a death yak
 12344 | Lair:6   | Noticed a death yak
 12364 | Lair:6   | Noticed a death yak
 12376 | Lair:5   | The Shining One protects you from harm!
 12387 | Lair:5   | Reached skill level 5 in Throwing
 12387 | Lair:5   | Reached XP level 13. HP: 6/118 MP: 5/15
 12387 | Lair:5   | Demolished by a death yak

Illustrated notes

Levels and vault maps discovered:
D:1:      ncdulo_halloftheorcs, layout_basic
D:2:      layout_loops_ring, minmay_misc_feat_enclosed
D:3:      layout_basic, nicolae_ru_sacrificial_ziggurat,
          minmay_misc_feat_hallway, kennysheep_generic_room_16
D:4:      layout_rooms, kennysheep_mini_moat, grunt_dithmenos_smoke_and_mirrors,
          due_unseen_surprise
D:5:      layout_cave_pools
D:6:      layout_loops_cross, minivault_10, uniq_grinder, uniq_prince_ribbit1
D:7:      layout_basic, fedhas_altar_3, minmay_temple_entry_statues_pillars,
          serial_shops, nicolae_stop_n_shop_2, gammafunk_ghost_grave,
          eino_small_chamber_without_monster, serial_bayou_lake_a
D:8:      layout_rooms, nicolae_blasting_shop
D:9:      layout_roguey, grunt_temple_overflow_bloody_war, david_orc_2,
          serial_undead, serial_undead_b, serial_undead_f, serial_undead_a,
          serial_undead_f
D:10:     layout_gridville, enter_trove_3, kennysheep_boxes, uniq_urug
D:11:     kb_forest_paths, layout_basic, lair_entry_dummy, minmay_fountain_box
D:12:     layout_big_octagon, serial_shops, nicolae_shop_trees,
          nicolae_shop_behind_doors, trog_hazing_becter
Temple:   eino_temple_rhombus
Lair:1:   layout_misc_corridors, lemuel_fruit_fields
Lair:2:   layout_chaotic_city, elwin_shoals_entry_rocks
Lair:3:   layout_chaotic_city, spider_nest_entry_a, grunt_megastairs_3,
          uniq_fannar
Lair:5:   layout_gridlike
Lair:6:   evilmike_catoblepas_cave, layout_regular_city,
          minmay_slime_entry_pillars, chequers_serial_rivers_large_a,
          serial_bayou_shore_b

Skill      XL: |  1  2  3  4  5  6  7  8  9 10 11 12 |
---------------+-------------------------------------+-----
Short Blades   | 1 |  1.3
Dodging        | 2 3 4 5 6 7 |  7.2
Unarmed Combat | 1 3 5 7 8 10 11 12 | 12.6
Fighting       | 1 2 3 4 5 |  5.1
Stealth        | 2 3 4 |  4.3
Spellcasting   | 2 |  2.5
Ice Magic      | 1 2 |  2.5
Evocations     | 1 2 3 4 |  4.2
Throwing       | 1 2 3 4 5 |  5.0
Invocations    | 2 3 4 |  4.6
Earth Magic    | 1 3 4 |  4.0
Shields        | 1 2 3 |  3.6
Axes           | 2 |  2.5
Hexes          | |  2.1

Action                   |  1- 3 |  4- 6 |  7- 9 | 10-12 | 13-15 || total
-------------------------+-------+-------+-------+-------+-------++-------
Melee: Dagger            |   135 |       |       |       |       ||   135
       Unarmed           |    56 |   149 |   207 |   479 |     1 ||   892
       Punch             |       |       |     2 |    37 |       ||    39
       Hand axe          |       |       |       |    78 |       ||    78
Throw: Large rock        |       |       |       |     5 |       ||     5
 Cast: Corona            |     2 |       |       |       |       ||     2
Invok: Divine Shield     |       |       |       |     2 |       ||     2
       Cleansing Flame   |       |       |       |     1 |       ||     1
Evoke: Wand              |       |       |     6 |    11 |       ||    17
  Use: Scroll            |     1 |     2 |    16 |     6 |       ||    25
       Potion            |       |       |     1 |     5 |       ||     6
 Stab: Sleeping          |       |     1 |       |       |       ||     1
Armor: Robe              |    78 |    53 |    64 |   119 |       ||   314
Dodge: Dodged            |    85 |    76 |   119 |   284 |       ||   564
Block: Other             |       |       |    16 |   140 |       ||   156
       Reflection        |       |       |       |     2 |       ||     2
